 Dungeon Crawl Stone Soup version 0.31.0-11-ge490571c62 (webtiles) character file.

Game seed: 13997053745463613961

83 oldriver the Magician (level 4, -5/34 HPs)
             Began as a Djinni Fire Elementalist on Jan 27, 2024.
             Killed by psychic fangs
             ... invoked by a brain worm
              (10 damage)
             ... in a sewer.
             The game lasted 00:03:08 (1414 turns).

oldriver the Magician (Djinni Fire Elementalist)    Turns: 1414, Time: 00:03:09

Health: -5/34      AC:  2    Str:  7    XL:     4   Next: 71%
Gold:   36         EV: 12    Int: 19    God:
                   SH:  0    Dex: 13

rFire   + + .        j - +0 dagger (vamp)
rCold   x . .        (no shield)
rNeg    . . .        a - +0 robe
rPois   ∞            (no helmet)
rElec   .            (no cloak)
rCorr   .            (no gloves)
SInv    .            (boots unavailable)
Will    .....        (no amulet)
Stlth   ++           (no ring)
HPRegen 0.25/turn    (no ring)
MPRegen 0.00/turn

%: infuse magic (-6 HP)
@: flying
A: sickness immunity, fire resistance 2, cold vulnerability 1, float, innate
caster, HP casting, extra vitality 1
a: no special abilities


You were in a sewer.
You visited 1 branch of the dungeon, and saw 3 of its levels.
You also visited: Sewer.

You collected 36 gold pieces.

Inventory:

Hand Weapons
 j - a +0 vampiric dagger (weapon)
Missiles
 g - 6 poisoned darts
Armour
 a - a +0 robe (worn)
Wands
 e - a wand of roots (6)
Scrolls
 b - 3 scrolls of vulnerability {unknown}
 c - 2 scrolls of teleportation {unknown}
 f - a scroll of identify
 h - a scroll of enchant weapon {unknown}
 i - a scroll of blinking {unknown}
 k - a scroll of torment {unknown}


   Skills:
 * Level 2.6 Fighting
 - Level 2.1 Dodging
 - Level 1.5 Stealth
 * Level 3.8 Spellcasting
 * Level 3.8 Conjurations
 * Level 3.8 Hexes
   Level 0.0 Charms
 * Level 3.8 Summonings
 * Level 3.8 Necromancy
 * Level 3.8 Translocations
   Level 0.0 Transmutations
 * Level 3.8 Fire Magic
 * Level 3.8 Ice Magic
 * Level 3.8 Air Magic
 * Level 3.8 Earth Magic
 * Level 3.8 Alchemy


You knew the following spells:

 Your Spells              Type           Power      Damage    Failure   Level
a - Foxfire               Conj/Fire      72%        2x1d7     3%          1
b - Scorch                Fire           36%        2d6       4%          2
c - Volatile Blastmotes   Fire/Tloc      36%        2d13      9%          3
d - Inner Flame           Hex/Fire       18%        N/A       9%          3
e - Flame Wave            Conj/Fire      18%        2d7       28%         4
f - Necrotise             Necr           72%        1d7       3%          1
Your spell library was empty.

Dungeon Overview and Level Annotations

Branches:
Dungeon (3/15)              Sewer (1/1)

Altars:
Dithmenos


Innate Abilities, Weirdness & Mutations

You are immune to sickness and miasma.
You are immune to poison.
Your flesh is very heat resistant. (rF++)
You are vulnerable to cold. (rC-)
You float through the air rather than walking.
You learn spells naturally, not from books.
Your magical power is your life essence.
You have superior vitality. (+4 MHP)


Message History

A bat comes into view.
A brain worm comes into view.
The brain worm's bulging head throbs.
Something gnaws heavily on your mind!
The brain worm's bulging head throbs.
Something gnaws heavily on your mind!
* * * LOW HITPOINT WARNING * * *
You feel better. The bat barely misses you.
Casting: Foxfire (safe; 3% risk of failure)
Confirm with . or Enter, or press ? or * to list all spells.
Flames lash the bat.
You kill the bat!
A bat comes into view.
The bat closely misses you.
The brain worm's throbbing head pulsates.
Something gnaws heavily on your mind!
* * * LOW HITPOINT WARNING * * *
You see here a bat corpse.
Aiming: Fastroot
Press: ? - help, Shift-Dir - straight line, f - bat
Aim: a bat The roots erupt in riotous growth!
Roots grab the bat.
The grasping roots constrict the bat.
You kill the bat!
Hit: j) +0 dagger (vamp)
Press: ? - help, Dir - move target, f - you
Okay, then.
Aiming: Fastroot
Press: ? - help, Shift-Dir - straight line, f - brain worm
Aim: a brain worm The roots erupt in riotous growth!
Roots grab the brain worm.
The grasping roots constrict the brain worm.
The brain worm struggles to escape constriction.
The grasping roots constrict the brain worm.
The roots release their grip on the brain worm.
The brain worm's bulging head throbs.
Something gnaws heavily on your mind!
You die...

####### ##.....##
##...≈...##
##...≈≈≈...#######.####
#∩∩.≈≈≈≈≈@....w†.†....#
##..†≈≈≈...#######.####
##...≈...## ##.....##
#######


You could see a brain worm.

Vanquished Creatures
  3 adders
  A ribbon worm (D:2)
  6 endoplasms
  A giant cockroach (D:1)
  4 goblins
  4 hobgoblins
  8 jackals
  5 kobolds
  A quokka (D:1)
  2 ball pythons
  8 bats
  2 frilled lizards
  3 rats
48 creatures vanquished.

Vanquished Creatures (others)
  173 foxfires
173 creatures vanquished.

Grand Total: 221 creatures vanquished

Notes
Turn   | Place    | Note
-------+----------+-------------------------------------------
     0 | D:1      | oldriver the Djinni Fire Elementalist began the quest for
                  | the Orb.
     0 | D:1      | oldriver set off with the following spells memorised:
                  | Foxfire, Scorch, Volatile Blastmotes, Inner Flame, Flame
                  | Wave.
     0 | D:1      | Reached XP level 1. HP: 15/15 MP: 0/0
   230 | D:1      | Reached XP level 2. HP: 19/22 MP: 0/0
   249 | D:1      | Reached skill level 1 in Fighting
   676 | D:1      | Reached XP level 3. HP: 19/27 MP: 0/0
   676 | D:1      | Learned a level 1 spell: Necrotise
  1196 | D:2      | Reached XP level 4. HP: 31/33 MP: 0/0
  1208 | D:2      | You are sucked into a shaft and drop 1 floor!
  1334 | D:3      | Found a shadowy altar of Dithmenos.
  1365 | D:3      | Found a glowing drain.
  1378 | Sewer    | Entered a sewer
  1401 | Sewer    | Noticed a brain worm
  1414 | Sewer    | Killed from afar by a brain worm

Illustrated notes

Levels and vault maps discovered:
D:1:      minmay_arrival_solitary_statue, layout_basic
D:2:      layout_rooms, shapermc_ecumenical_altar_mp_vishouse
D:3:      layout_basic, nicolae_dithmenos_through_a_glass_darkly,
          portal_sewer_entry_d, corexii_shack
Sewer:    sewer_big_baddie

Skill      XL: |  1  2  3 |
---------------+----------+-----
Fighting       | 1 2 |  2.6
Dodging        | |  2.1
Stealth        | |  1.5
Spellcasting   | |  3.8
Conjurations   | |  3.8
Hexes          | |  3.8
Summonings     | |  3.8
Necromancy     | |  3.8
Translocations | |  3.8
Fire Magic     | |  3.8
Ice Magic      | |  3.8
Air Magic      | |  3.8
Earth Magic    | |  3.8
Alchemy        | |  3.8

Action                     |  1- 3 |  4- 6 || total
---------------------------+-------+-------++-------
  Melee: Unarmed           |     2 |       ||     2
   Cast: Foxfire           |    79 |    33 ||   112
         Scorch            |     6 |     1 ||     7
  Evoke: Wand              |       |     2 ||     2
    Use: Scroll            |       |     4 ||     4
         Potion            |       |     1 ||     1
 Armour: Robe              |     3 |       ||     3
  Dodge: Dodged            |     4 |     2 ||     6
